 Dungeon Crawl Stone Soup version 0.25-a0-317-g5f8687bca5 (webtiles) character file.

Game seed: 7698131613587015760, levelgen mode: classic

527 Borgoz the Covered (level 7, -8/44 HPs)
             Began as a Gargoyle Fighter on Dec 25, 2019.
             Mangled by an ogre
             ... wielding a +0 giant spiked club
              (24 damage)
             ... on level 4 of the Dungeon.
             The game lasted 00:05:09 (3638 turns).

Borgoz the Covered (Gargoyle Fighter)               Turns: 3638, Time: 00:05:09

Health: -8/44      AC: 16    Str: 20    XL:     7   Next: 23%
Magic:  7/7        EV:  8    Int:  8    God:
Gold:   153        SH:  9    Dex: 11    Spells: 6/6 levels left

rFire    . . .     SeeInvis .   a - +0 long sword
rCold    . . .     Gourm    .   c - +0 shield
rNeg     + . .     Faith    .   b - +0 scale mail
rPois    ∞         Spirit   .   d - +2 helmet
rElec    +         Reflect  .   (no cloak)
rCorr    .         Harm     .   r - +0 pair of gloves
MR       .....                  (no boots)
Stlth    ..........             m - amulet of the acrobat
HPRegen  0.14/turn              s - ring of attention (curse)
MPRegen  0.10/turn              (no ring)

@: no status effects
A: negative energy resistance 1, electricity resistance, unbreathing,
petrification resistance, rot immunity, AC +4
a: no special abilities


You were on level 4 of the Dungeon.
You were not hungry.

You visited 1 branch of the dungeon, and saw 4 of its levels.

You collected 153 gold pieces.

Inventory:

Hand Weapons
 a - a +0 long sword (weapon)
Armour
 b - a +0 scale mail (worn)
 c - a +0 shield (worn)
 d - a +2 helmet (worn)
 r - a +0 pair of gloves (worn)
Jewellery
 m - an amulet of the acrobat (around neck)
 s - a cursed ring of attention (left hand)
Scrolls
 e - 4 scrolls of teleportation
 g - 2 scrolls of remove curse
 t - a scroll of enchant armour {unknown}
 u - a scroll of immolation {unknown}
 w - a scroll of blinking {unknown}
Potions
 h - 2 potions of haste {unknown}
 i - a potion of magic
 j - 3 potions of curing
 k - 2 potions of cancellation
 l - 2 potions of mutation {unknown}
 n - 2 potions of degeneration {unknown}
 o - a potion of resistance
 p - 2 potions of heal wounds
Comestibles
 f - 4 rations
 q - 16 chunks of flesh


   Skills:
 * Level 5.1 Fighting
 * Level 3.8 Long Blades
 * Level 5.3 Armour
 + Level 1.7 Dodging
 + Level 4.3 Shields


You had 6 spell levels left.
You didn't know any spells.
Your spell library was empty.

Dungeon Overview and Level Annotations

Branches:
Dungeon (4/15)
 Temple: D:4-7

Altars:
Nemelex Xobeh
Ru


Innate Abilities, Weirdness & Mutations

You are resistant to torment.
Your stone body is resilient. (AC +4)
You are immune to poison.
You resist negative energy. (rN+)
You are resistant to electric shocks. (rElec)
You can survive without breathing.
You are immune to petrification.
You are immune to rotting.


Message History

Ouch! That really hurt!
You slash the ogre!
The ogre is moderately wounded.
You hit the ogre.
The ogre is moderately wounded.
The ogre hits you with a +0 giant spiked club.
You hit the ogre.
The ogre is heavily wounded.
You block the ogre's attack.
Your shield and scale mail prevent you from hitting the ogre.
The ogre is heavily wounded.
You block the ogre's attack.
You hit the ogre.
The ogre is severely wounded.
The ogre hits you but does no damage.
You hit the ogre.
The ogre is severely wounded.
The ogre hits you with a +0 giant spiked club!!
Ouch! That really hurt!
You die...

#.# ###########.# #........<..#
#.#### #...........### #.#..
#.............# #.#.#
#...........#.####.#.#
##.....#####.#.##.....#
##.....[.## #)#.##.....#
##.........###@#.##.....# #
.##...........##O#.##.÷)..####..
.#.............#o#....))........
.............h.ho####.#)#.......
............o.......#.#.#.......
..........).......#.#.......[...
..................#)#...........
..................#)#...........
...................)............


You could see an ogre, 2 orcs and a jackal.

Vanquished Creatures
  Sigmund (D:3)
  A hound (D:4)
  An orc wizard (D:4)
  An orc priest (D:4)
  Natasha (thrice) (D:2)
  Robin (D:3)
  3 gnolls (D:3)
  4 adders
  2 oozes (D:2)
  2 worms (D:3)
  A dart slug (D:1)
  4 leopard geckos
  10 orcs (D:4)
  A ball python (D:4)
  3 giant cockroaches
  5 hobgoblins
  7 jackals
  7 kobolds
  2 quokkas (D:3)
  10 bats
  7 frilled lizards
  18 goblins
  9 rats
103 creatures vanquished.

Notes
Turn   | Place    | Note
-------+----------+-------------------------------------------
     0 | D:1      | Borgoz the Gargoyle Fighter began the quest for the Orb.
     0 | D:1      | Reached XP level 1. HP: 14/14 MP: 1/1
    84 | D:1      | Reached XP level 2. HP: 18/19 MP: 2/2
   546 | D:1      | Reached XP level 3. HP: 23/23 MP: 3/3
  1009 | D:2      | Noticed Natasha
  1022 | D:2      | Killed Natasha
  1022 | D:2      | Reached XP level 4. HP: 12/29 MP: 4/4
  1933 | D:2      | Noticed Natasha
  1943 | D:2      | Killed Natasha
  1943 | D:2      | Reached XP level 5. HP: 28/33 MP: 5/5
  2327 | D:3      | Reached skill level 1 in Dodging
  2431 | D:2      | Noticed Natasha
  2439 | D:2      | Killed Natasha
  2592 | D:3      | Noticed Sigmund
  2615 | D:3      | Killed Sigmund
  2615 | D:3      | Reached XP level 6. HP: 30/40 MP: 6/6
  2656 | D:3      | Found a sparkling altar of Nemelex Xobeh.
  2920 | D:3      | Noticed Robin
  2969 | D:3      | Killed Robin
  2969 | D:3      | Reached skill level 5 in Armour
  3112 | D:3      | Found a sacrificial altar of Ru.
  3533 | D:4      | Reached skill level 5 in Fighting
  3533 | D:4      | Reached XP level 7. HP: 41/44 MP: 7/7
  3638 | D:4      | Mangled by an ogre

Levels and vault maps discovered:
D:1:      psy_arrival_spokes, layout_basic, hex_large, minmay_misc_feat_x
D:2:      layout_basic, serial_bayou_pond_c, chequers_serial_rivers_marsh,
          uniq_natasha
D:3:      layout_basic, marbit_many_paths, old_standard_altar, uniq_sigmund,
          uniq_robin
D:4:      layout_basic, zin_statuary, serial_shops, shop, minmay_misc_feat_rows,
          uniq_ijyb

Skill      XL: |  1  2  3  4  5  6 |
---------------+-------------------+-----
Long Blades    | 2 3 |  3.8
Armour         | 4 5 |  5.3
Fighting       | 4 5 |  5.1
Dodging        | 1 |  1.7
Shields        | 4 |  4.3

Action                   |  1- 3 |  4- 6 |  7- 9 || total
-------------------------+-------+-------+-------++-------
Melee: Long sword        |   132 |   208 |    55 ||   395
  Use: Scroll            |     8 |     3 |       ||    11
       Potion            |       |     1 |     1 ||     2
  Eat: Chunk             |     1 |     8 |     1 ||    10
Armor: Scale mail        |    94 |   104 |    38 ||   236
Dodge: Dodged            |    48 |   106 |    20 ||   174
Block: Shield            |    89 |   111 |    25 ||   225
       Rpst.: Long sword |    22 |    31 |     5 ||    58

Table legend:
 A = Non-vault XP
 B = Vault XP
 C = Vault XP percentage of total XP
 D = Non-vault monster count
 E = Vault monster count
 F = Vault count percentage of total count
                 A         B        C        D         E       F
            +---------+---------+-------+---------+---------+-------
      Total |     454 |     300 |  39.8 |      88 |      15 |  14.6
            +---------+---------+-------+---------+---------+-------
        D:1 |      39 |       0 |   0.0 |      23 |       0 |   0.0
        D:2 |     153 |      35 |  18.6 |      25 |       1 |   3.8
        D:3 |      84 |     265 |  75.9 |      22 |      14 |  38.9
        D:4 |     178 |       0 |   0.0 |      18 |       0 |   0.0
            +---------+---------+-------+---------+---------+-------
